 Dungeon Crawl Stone Soup version 0.20-a0-731-gecde0bf (webtiles) character file.

73 Alarkh the Skirmisher (level 4, 33/37 HPs)
             Began as a Demonspawn Monk on Feb 22, 2017.
             Quit the game on level 2 of the Dungeon.
             The game lasted 00:02:34 (1116 turns).

Alarkh the Skirmisher (Demonspawn Monk)             Turns: 1116, Time: 00:02:35

Health: 33/37      AC:  2    Str: 11    XL:     4   Next: 8%
Magic:  4/4        EV: 16    Int: 12    God:
Gold:   80         SH:  4    Dex: 13    Spells: 3/3 levels left

rFire    . . .     SeeInvis .   a - +0 falchion
rCold    . . .     Gourm    .   b - +0 robe
rNeg     . . .     Faith    .   (no shield)
rPois    .         Spirit   .   (no helmet)
rElec    .         Reflect  +   (no cloak)
rCorr    .         Harm     .   (no gloves)
MR       .....                  (no boots)
Stlth    ++........             n - +4 amulet of reflection
Regen    1.2/turn               l - +3 ring of evasion
MPRegen  0.1/turn               k - -3 ring of dexterity (curse)

@: no status effects
A: claws 1, powered by death 1, rot immunity
a: no special abilities


You were on level 2 of the Dungeon.
You were not hungry.

You visited 1 branch of the dungeon, and saw 2 of its levels.

You collected 80 gold pieces.

Inventory:

Hand Weapons
 a - a +0 falchion (weapon)
Armour
 b - a +0 robe (worn)
Jewellery
 k - a cursed -3 ring of dexterity (left claw)
 l - a +3 ring of evasion (right claw)
 m - an uncursed amulet of guardian spirit
 n - a +4 amulet of reflection (around neck)
Scrolls
 d - a scroll of immolation {unknown}
 e - a scroll of identify {unknown}
 i - a scroll of amnesia {unknown}
 o - a scroll of teleportation {unknown}
 p - a scroll of remove curse {unknown}
 q - a scroll of enchant armour {unknown}
Potions
 f - a potion of agility {unknown}
Comestibles
 c - 2 bread rations
 g - 3 chunks of flesh
 h - a fruit
 j - a royal jelly


   Skills:
 + Level 3.7 Fighting
 * Level 3.7 Long Blades
 + Level 3.1 Dodging
 - Level 1.7 Stealth


You had 3 spell levels left.
You didn't know any spells.

Dungeon Overview and Level Annotations

Branches:
Dungeon (2/15)

Altars:


Innate Abilities, Weirdness & Mutations

You have sharp fingernails.
You regenerate a little health from kills.
You are immune to rotting.


Message History

The adder barely misses you.
You riposte.
You closely miss the adder.
The adder is almost dead.
You miss the adder.
The adder is almost dead.
You block the adder's attack.
You hit the adder.
You kill the adder!
You have reached level 4!
You feel agile.
Your demonic ancestry asserts itself...
Your fingernails lengthen.
A goblin comes into view. It is wielding a club.
The goblin shouts!
The goblin unwields an uncursed club.
The goblin wields a hunting sling.
The goblin shoots a stone.
You reflect the stone off an invisible shield around you!
The stone hits the goblin.
The goblin dies!
Found a hunting sling.
You see here an adder corpse.
Are you sure you want to abandon this character and quit the game? (Confirm with "yes".)

### ### ..# ..####.
#.# .....). #.#
....... #.# .....
#.# ###### ...
#.###....#+######.#
................@>#
#.................#
#####.#...........#
#####.#..#.##.....#
..................#
#####.#..#.##.....#
#.#..#.##....%#
#.#(.#.###....#
#.#..#.# #....#


There were no monsters in sight!

Vanquished Creatures
  3 adders (D:2)
  An ooze (D:2)
  A worm (D:2)
  3 dart slugs (D:1)
  A leopard gecko (D:2)
  2 giant cockroaches (D:1)
  3 goblins (D:2)
  4 hobgoblins
  2 bats (D:1)
  5 frilled lizards (D:2)
  7 kobolds
  3 rats (D:1)
35 creatures vanquished.

Vanquished Creatures (others)
  A goblin (D:2)
1 creature vanquished.

Grand Total: 36 creatures vanquished

Notes
Turn   | Place    | Note
-------+----------+-------------------------------------------
     0 | D:1      | Alarkh the Demonspawn Monk began the quest for the Orb.
     0 | D:1      | Reached XP level 1. HP: 18/18 MP: 1/1
   209 | D:1      | Gained mutation: You regenerate a little health from kills. [demonic ancestry]
   209 | D:1      | Reached XP level 2. HP: 24/24 MP: 2/2
   688 | D:2      | Gained mutation: You are immune to rotting. [demonic ancestry]
   688 | D:2      | Reached XP level 3. HP: 25/29 MP: 3/3
  1114 | D:2      | Gained mutation: You have sharp fingernails. [demonic ancestry]
  1114 | D:2      | Reached XP level 4. HP: 31/37 MP: 4/4
  1116 | D:2      | Quit the game

Vault maps used:
D:1:      shiori_arrival_oz, hangedman_decor_growths,
          minmay_misc_feat_secret_circle, st_stairs_7
D:2:      zin_academy, first_bread, minmay_lizard_king

Skill      XL: |  1  2  3 |
---------------+----------+-----
Long Blades    | 3 |  3.7
Dodging        | 3 |  3.1
Fighting       | |  3.7
Stealth        | |  1.7

Action                   |  1- 3 |  4- 6 || total
-------------------------+-------+-------++-------
Melee: Falchion          |   101 |       ||   101
 Stab: Sleeping          |     5 |       ||     5
  Eat: Chunk             |     1 |       ||     1
Armor: Robe              |     6 |       ||     6
Dodge: Dodged            |    83 |       ||    83
Block: Other             |    12 |     1 ||    13
       Reflection        |       |     1 ||     1
       Rpst.: Falchion   |    25 |       ||    25
